 Dungeon Sprint DCSS version 0.29.1-2-gbd0b4ee654 (webtiles) character file.

Game seed: 9025673991987885886

7 firemarshallily the Trooper (level 1, -2/19 HPs)
             Began as a Demonspawn Wanderer on Nov 2, 2022.
             Slain by a scorpion (4 damage)
             ... in the Dungeon (Sprint IX: "|||||||||||||||||||||||||||||").
             The game lasted 00:00:36 (34 turns).

firemarshallily the Trooper (Demonspawn Wanderer)     Turns: 34, Time: 00:00:37

Health: -2/19      AC:  3    Str: 10    XL:     1   Next: 91%
Magic:  2/2        EV: 12    Int: 13    God:
Gold:   0          SH:  0    Dex: 14    Spells: 2/2 levels left

rFire   . . .      SeeInvis .   b - +0 quarterstaff
rCold   . . .      Faith    .   (shield currently unavailable)
rNeg    . . .      Spirit   .   d - +0 robe
rPois   .          Reflect  .   (no helmet)
rElec   .          Harm     .   c - +0 cloak
rCorr   .          Rampage  .   (no gloves)
Will    .....      NoTele   +   (no boots)
Stlth   +.........              (no amulet)
HPRegen 0.06/turn               (no ring)
MPRegen 0.08/turn               (no ring)

@: no status effects
A: no striking features
a: no special abilities


You were in the Dungeon.
You visited 1 branch

Inventory:

Hand Weapons
 a - a +0 rapier
 b - a +0 quarterstaff (weapon)
Armour
 c - a +0 cloak (worn)
 d - a +0 robe (worn)
Scrolls
 j - a scroll of blinking
Potions
 e - a potion of curing
 f - a potion of heal wounds
 g - a potion of haste
 h - 2 potions of magic
 i - a potion of berserk rage


   Skills:
 * Level 3.7 Fighting
 - Level 2.6 Short Blades
 * Level 2.1 Staves
 + Level 1.6 Armour
 + Level 1.6 Dodging
 - Level 1.0 Spellcasting


You had 2 spell levels left.
You didn't know any spells.
Your spell library was empty.

Dungeon Overview and Level Annotations

Branches:
Dungeon (1/1)

Altars:


Message History

The giant cockroach waves its antennae.
The giant cockroach bites you but does no damage. x2
You sock the giant cockroach!
You kill the giant cockroach!
The ball python barely misses you. x2
You thump the ball python!
You kill the ball python!
You see here a ball python corpse.
You open the door.
An adder, a phantom, a hound and 2 scorpions come into view.
The adder hisses angrily.
The hound barks!
The scorpion stings you.
You are poisoned.
The scorpion poisons you!
There is an open door here.
You hit the scorpion but do no damage.
You feel very sick.
The scorpion stings you but does no damage.
You closely miss the scorpion.
You feel sick. The scorpion closely misses you.
The scorpion stings you but does no damage.
You hit the scorpion but do no damage.
You feel sick.
The scorpion stings you but does no damage.
You barely miss the scorpion.
* * * LOW HITPOINT WARNING * * *
You feel sick. The scorpion barely misses you.
You hit the scorpion but do no damage.
You feel sick. The scorpion barely misses you. The scorpion misses you.
You closely miss the scorpion.
You feel sick. The scorpion barely misses you.
You barely miss the scorpion.
You feel sick.
The scorpion stings you but does no damage.
The scorpion barely misses you.
You hit the scorpion.
The scorpion is moderately wounded.
You feel sick.
You are no longer poisoned.
The scorpion closely misses you.
You hit the scorpion.
The scorpion is heavily wounded.
The scorpion stings you.
You die...

▓.▓
▓.▓
▓'▓
▓†▓
▓.▓
▓.▓
▓.▓
▓.▓
▓@▓
▓s▓
▓S▓
▓W▓
▓h▓
▓s▓
▓+▓


You could see a phantom, 2 scorpions, a hound and an adder.

Vanquished Creatures
  A dart slug (D)
  An endoplasm (D)
  2 giant cockroaches (D)
  A ball python (D)
5 creatures vanquished.

Notes
Turn   | Place    | Note
-------+----------+-------------------------------------------
     0 | D        | firemarshallily the Demonspawn Wanderer began the quest for
                  | the Orb.
     0 | D        | firemarshallily set off with the following items: a +0
                  | rapier, a +0 quarterstaff, a +0 cloak, a +0 robe, a potion
                  | of curing, a potion of heal wounds, a potion of haste, 2
                  | potions of magic, a potion of berserk rage, a scroll of
                  | blinking.
     0 | D        | Reached XP level 1. HP: 18/18 MP: 2/2
    24 | D        | Noticed a scorpion
    24 | D        | Noticed a phantom
    24 | D        | Noticed a hound
    24 | D        | Noticed a scorpion
    34 | D        | Slain by a scorpion

Illustrated notes

Levels and vault maps discovered:
D:        linesprint [early_d, line_temple, items_1, d_10, items_2, lair_1,
          lair_end, items_3, orc_1, orc_end, items_4, d_15, swamp_1, shoals_1,
          snake_1, spider_1, d_20, vaults_1, items_5, swamp_end, shoals_end,
          snake_end, spider_end, vaults_end, d_27, items_6, zot_1, zot_end,
          crypt_end, forest_end, elf_end, slime_end, tomb_end, abyss_end,
          pan_hell_end]

Skill      XL: |  1 |
---------------+----+-----
Staves         | 2 |  2.1
Fighting       | |  3.7
Short Blades   | |  2.6
Armour         | |  1.6
Dodging        | |  1.6
Spellcasting   | |  1.0

Action                   || total
-------------------------++-------
Melee: Quarterstaff      ||    22
Armor: Robe              ||    12
Dodge: Dodged            ||    13
